 Dungeon Crawl Stone Soup version 0.20-a0-433-g9e36e56 (webtiles) character file.

207 Kriby the Magician (level 5, -7/35 HPs)
             Began as a Mummy Fire Elementalist on Jan 4, 2017.
             Killed from afar by a hobgoblin (12 damage)
             ... with a wand of acid (?/15)
             ... on level 3 of the Dungeon.
             The game lasted 00:04:25 (4110 turns).

Kriby the Magician (Mummy Fire Elementalist)        Turns: 4110, Time: 00:04:26

Health: -7/35      AC:  3    Str: 12    XL:     5   Next: 54%
Magic:  9/12       EV: 12    Int: 20    God:
Gold:   80         SH:  0    Dex: 12    Spells: 3/13 levels left

rFire  x . .     SeeInvis .     i - -1 trident (curse)
rCold  + . .     Gourm    .     a - +0 robe
rNeg   + + +     Faith    .     (no shield)
rPois  ∞         Spirit   .     j - +0 helmet
rElec  .         Reflect  .     (no cloak)
rCorr  .         Harm     .     (no gloves)
MR     .....                    (no boots)
Stlth  ++........               (no amulet)
                                (no ring)
                                c - +5 ring of intelligence

@: very slightly contaminated
A: no food or potions, fire vulnerability, cold resistance 1, negative energy
resistance 3, torment resistance, unbreathing
a: no special abilities


You were on level 3 of the Dungeon.
You were not hungry.

You visited 1 branch of the dungeon, and saw 3 of its levels.

You collected 80 gold pieces.

Inventory:

Hand Weapons
 i - a cursed -1 trident (weapon)
Armour
 a - a +0 robe (worn)
 j - a +0 helmet (worn)
Jewellery
 c - a +5 ring of intelligence (left hand)
 h - an uncursed ring of fire {unknown}
Scrolls
 d - a scroll of amnesia {unknown}
 e - 2 scrolls of identify {unknown}
 f - a scroll of remove curse {unknown}
 g - a scroll of noise {unknown}
Books
 b - a book of Flames

   Spells                             Type                      Level
   a - Flame Tongue                   Conjuration/Fire             1
   b - Throw Flame                    Conjuration/Fire             2
   c - Conjure Flame                  Conjuration/Fire             3
   d - Inner Flame                    Hexes/Fire                   3
   e - Sticky Flame                   Conjuration/Fire             4
   f - Fireball                       Conjuration/Fire             5


   Skills:
 - Level 1.5 Dodging
 - Level 1.5 Stealth
 * Level 4.8 Spellcasting
 + Level 3.1 Conjurations
 + Level 3.0 Fire Magic


You had 3 spell levels left.
You knew the following spells:

 Your Spells              Type           Power        Failure   Level  Hunger
a - Flame Tongue          Conj/Fire      ###..        3%          1    N/A
b - Conjure Flame         Conj/Fire      ###.....     12%         3    N/A
c - Sticky Flame          Conj/Fire      ###.....     38%         4    N/A
d - Throw Flame           Conj/Fire      ###...       6%          2    N/A

Dungeon Overview and Level Annotations

Branches:
Dungeon (3/15)

Altars:


Innate Abilities, Weirdness & Mutations

You do not eat or drink.
Your flesh is vulnerable to fire.
You are immune to poison.
Your flesh is cold resistant. (rC+)
You are immune to negative energy. (rN+++)
You are immune to unholy pain and torment.
You can survive without breathing.


Message History

Aim: a hobgoblin, wielding a spear and carrying a wand of acid (?/15) {zapped: 2} The flame tongue hits the hobgoblin.
The hobgoblin appears unharmed.
Casting: Flame Tongue
Confirm with . or Enter, or press ? or * to list all spells.
Aiming: Flame Tongue
Press: ? - help, Shift-Dir - straight line, f/p - hobgoblin
Aim: a hobgoblin, wielding a spear and carrying a wand of acid (?/15) {zapped: 2} The flame tongue hits the hobgoblin.
The hobgoblin is severely wounded.
The hobgoblin misses you.
Casting: Flame Tongue
Confirm with . or Enter, or press ? or * to list all spells.
Aiming: Flame Tongue
Press: ? - help, Shift-Dir - straight line, f/p - hobgoblin
Aim: a hobgoblin, wielding a spear and carrying a wand of acid (?/15) {zapped: 2} (severely wounded)
You miscast Flame Tongue.
You are very lightly contaminated with residual magic.
Nothing appears to happen.
The hobgoblin zaps a wand.
The bolt of acid hits you!
You die...

###.......#...######
##....
##.......#...[......# #)..
#..#########......#.# ...
##.##########......# ...
##..#..................
#.....$.............###
####....#...........(....
#.....#.#.........!.......
#.#####.........@.g....##.
#.# ###..............# #.#
####........#....##
#.####....#####.......###
#.....[#### ###........
#..##### ##.###... ####
##..#....# #.....# .#
###...###


You could see a hobgoblin.

Vanquished Creatures
  The ghost of lupus83 the Conjurer, a weakling DEFE of Sif Muna (D:3)
  Natasha (twice) (D:3)
  6 adders
  A worm (D:2)
  2 dart slugs
  A leopard gecko (D:1)
  An orc (D:3)
  4 giant cockroaches
  5 goblins
  10 hobgoblins
  6 jackals (D:2)
  3 quokkas
  6 bats
  6 frilled lizards
  7 kobolds
  8 rats
69 creatures vanquished.

Notes
Turn   | Place    | Note
-------+----------+-------------------------------------------
     0 | D:1      | Kriby the Mummy Fire Elementalist began the quest for the Orb.
     0 | D:1      | Reached XP level 1. HP: 13/13 MP: 4/4
    31 | D:1      | Reached skill level 1 in Conjurations
   259 | D:1      | Reached XP level 2. HP: 19/19 MP: 2/5
   506 | D:1      | Reached skill level 3 in Spellcasting
   880 | D:1      | Reached XP level 3. HP: 13/24 MP: 0/7
  1459 | D:1      | Learned a level 3 spell: Conjure Flame
  2246 | D:2      | Reached XP level 4. HP: 8/30 MP: 0/9
  3154 | D:3      | Noticed lupus83's ghost (weakling DEFE)
  3602 | D:3      | Noticed Natasha
  3603 | D:3      | Reached skill level 4 in Spellcasting
  3606 | D:3      | Killed Natasha
  3606 | D:3      | Reached XP level 5. HP: 28/35 MP: 5/11
  3675 | D:3      | Learned a level 4 spell: Sticky Flame
  3678 | D:3      | Learned a level 2 spell: Throw Flame
  3950 | D:3      | Killed lupus83's ghost
  4030 | D:3      | Noticed Natasha
  4036 | D:3      | Killed Natasha
  4110 | D:3      | Killed from afar by a hobgoblin

Vault maps used:
D:1:      saegor_arrival_simple_d, kennysheep_minor_cross
D:2:      first_bread
D:3:      corexii_shack, uniq_natasha

Skill      XL: |  1  2  3  4  5 |
---------------+----------------+-----
Conjurations   | 1 2 3 |  3.1
Spellcasting   | 3 4 |  4.8
Fire Magic     | 3 |  3.0
Dodging        | |  1.5
Stealth        | |  1.5

Action                   |  1- 3 |  4- 6 || total
-------------------------+-------+-------++-------
Melee: Unarmed           |     4 |       ||     4
       Trident           |    15 |     2 ||    17
 Cast: Flame Tongue      |    71 |    71 ||   142
       Conjure Flame     |     1 |       ||     1
Armor: Robe              |    18 |    10 ||    28
Dodge: Dodged            |    33 |    26 ||    59
